 Dungeon Crawl Stone Soup version 0.29.1-1-gd02db6906a (webtiles) character file.

Game seed: 769390053419590422

11862 LabCoat the Fighter (level 11, -4/99 HPs)
             Began as a Minotaur Fighter on Oct 15, 2022.
             Was a High Priest of Okawaru.
             Slain by a skeletal warrior
             ... wielding a +0 trident
              (15 damage)
             ... on level 11 of the Dungeon.
             The game lasted 00:35:22 (7839 turns).

LabCoat the Fighter (Minotaur Fighter)              Turns: 7839, Time: 00:35:24

Health: -4/99      AC: 19    Str: 26    XL:     11   Next: 54%
Magic:  7/14       EV: 19    Int:  5    God:    Okawaru [*****.]
Gold:   632        SH:  0    Dex:  9    Spells: 13/15 levels left

rFire   . . .      SeeInvis .   F - +4 great mace
rCold   . . .      Faith    .   (shield currently unavailable)
rNeg    . . .      Spirit   .   n - +1 plate armour
rPois   .          Reflect  .   (helmet restricted)
rElec   .          Harm     .   I - +0 cloak
rCorr   .          Rampage  .   (no gloves)
Will    .....                   C - +0 pair of boots
Stlth   ..........              o - amulet of regeneration
HPRegen 1.06/turn               j - +4 ring of evasion
MPRegen 0.14/turn               e - +4 ring of evasion

@: heroic, finesse-ful, studying Shields
A: horns 2, retaliatory headbutt
a: Renounce Religion, Heroism, Finesse, Duel


You were on level 11 of the Dungeon.
You worshipped Okawaru.
Okawaru was extremely pleased with you.
You visited 2 branches of the dungeon, and saw 11 of its levels.
You also visited: Sewer.

You collected 632 gold pieces.

Inventory:

Hand Weapons
 a - a +1 flail of electrocution
 F - a +4 great mace (weapon)
Missiles
 h - 40 poisoned darts
 y - 2 curare-tipped darts
 A - a javelin
 L - a throwing net
 M - 3 boomerangs (quivered)
 N - a silver javelin
Armour
 c - a +0 buckler
 n - a +1 plate armour (worn)
 C - a +0 pair of boots (worn)
 I - a +0 cloak (worn)
Jewellery
 e - a +4 ring of evasion (right hand)
 j - a +4 ring of evasion (left hand)
 o - an amulet of regeneration (around neck)
 q - a ring of ice
 s - an amulet of reflection
 K - a ring of ice
Wands
 d - a wand of flame (17)
Scrolls
 b - 3 scrolls of amnesia
 i - a scroll of brand weapon
 l - 4 scrolls of immolation
 r - a scroll of magic mapping
 w - 3 scrolls of blinking
 x - a scroll of fear
 B - 2 scrolls of fog {unknown}
 D - a scroll of teleportation {unknown}
 G - a scroll of silence
 R - a scroll of identify
Potions
 f - 2 potions of resistance
 g - 3 potions of attraction
 k - a potion of might
 m - 6 potions of lignification
 p - 2 potions of haste
 t - 2 potions of brilliance
 u - 3 potions of curing
 v - a potion of magic {unknown}
 z - a potion of invisibility {unknown}
 H - a potion of cancellation {unknown}
 J - 3 potions of flight {unknown}
 P - a potion of degeneration {unknown}
Miscellaneous
 Q - a lightning rod (3/4)


   Skills:
 * Level 10.1(15.1) Fighting
 + Level 8.0(13.0) Maces & Flails
 + Level 5.4(10.4) Throwing
 + Level 7.5(12.5) Armour
 + Level 7.3(12.3) Dodging
 + Level 8.6(13.6) Shields
 + Level 2.6 Spellcasting
 + Level 3.1 Translocations
 * Level 6.1 Invocations
 + Level 4.6 Evocations


You had 13 spell levels left.
You knew the following spells:

 Your Spells              Type           Power      Damage    Failure   Level
a - Blink                 Tloc           6%         N/A       80%         2

Your spell library contained the following spells:

 Spells                   Type           Power      Damage    Failure   Level
 Apportation              Tloc           6%         N/A       65%         1
 Lesser Beckoning         Tloc           3%         N/A       95%         3
 Magic Dart               Conj           0%         1d3       98%         1
 Shock                    Conj/Air       0%         1d3       98%         1
 Searing Ray              Conj           0%         2d4       99%         2
 Portal Projectile        Hex/Tloc       4%         N/A       99%         3
 Swiftness                Air            0%         N/A       100%        3
 Airstrike                Air            0%         2d(0-16)  100%        4
 Anguish                  Hex/Necr       0%         N/A       100%        4
 Fulminant Prism          Conj/Hex       0%         3d6       100%        4
 Leda's Liquefaction      Hex/Erth       0%         N/A       100%        4
 Alistair's Intoxication  Tmut/Pois      0%         N/A       100%        5
 Blade Hands              Tmut           0%         N/A       100%        5
 Manifold Assault         Tloc           3%         N/A       100%        5
 Dispersal                Tloc           1%         N/A       100%        6
 Enfeeble                 Hex            0%         N/A       100%        7
 Disjunction              Tloc           1%         N/A       100%        8
 Call Canine Familiar     Summ           Unusable   N/A       N/A         3
 Tukima's Dance           Hex            Unusable   N/A       N/A         3

Dungeon Overview and Level Annotations

Branches:
Dungeon (11/15)            Temple (1/1) D:7            Lair (0/5) D:11
    Orc (0/2) D:10          Sewer (visited)

Altars:
Ashenzari
Cheibriados
Dithmenos
Elyvilon
Fedhas
Hepliaklqana
Kikubaaqudgha
Makhleb
Nemelex Xobeh
Okawaru
Ru
Sif Muna
Trog
Uskayaw
Vehumet
Wu Jian
Yredelemnul
Zin
The Shining One

Shops:
D:10 [


Innate Abilities, Weirdness & Mutations

You have a pair of horns on your head.
You reflexively headbutt those who attack you in melee.


Message History

You can now deal lightning-fast blows.
The boulder beetle misses you. The skeletal warrior barely misses you.
The skeletal warrior closely misses you.
The skeletal warrior hits you but does no damage.
You gain the combat prowess of a mighty hero.
The boulder beetle barely misses you. You furiously retaliate!
You headbutt the boulder beetle, but do no damage.
The skeletal warrior hits you with a +0 flail!
The skeletal warrior hits you with a +0 halberd!
The skeletal warrior hits you from afar with a +0 trident!
You bludgeon the boulder beetle!! You headbutt the boulder beetle.
The boulder beetle is moderately wounded.
The boulder beetle bites you!
The skeletal warrior hits you but does no damage.
The skeletal warrior closely misses you.
The skeletal warrior barely misses you. You furiously retaliate!
You headbutt the skeletal warrior, but do no damage.
You hit the skeletal warrior.
You headbutt the skeletal warrior, but do no damage.
The skeletal warrior is severely damaged.
The boulder beetle closely misses you.
The skeletal warrior hits you with a +0 flail!
The skeletal warrior hits you from afar with a +0 trident.
The skeletal warrior barely misses you.
You feel much better. The boulder beetle bites you!!
The skeletal warrior hits you with a +0 flail!!
The skeletal warrior barely misses you.
The skeletal warrior hits you with a +0 halberd!!
* * * LOW HITPOINT WARNING * * *
You bludgeon the skeletal warrior!!
You destroy the skeletal warrior!
Okawaru is honoured by your kill.
Your base Maces & Flails skill increases to level 8!
You barely miss the boulder beetle.
You headbutt the boulder beetle, but do no damage.
The boulder beetle is moderately wounded.
The boulder beetle barely misses you.
The skeletal warrior hits you but does no damage.
The skeletal warrior hits you from afar with a +0 trident!
You die...

###################
#...zz#...........#
#....B@...........#
#....z#...........#
#.....#...........#
#....##......##...#
#.... #########...#
#.##+##......#....#
#. #.......#....# #
#.......#....#
##......##...#


You could see a boulder beetle and 3 skeletal warriors.

Vanquished Creatures
  3 two-headed ogres
  A tengu warrior (D:8)
  A skeletal warrior (D:11)
  A manticore (D:11)
  A cyclops (D:8)
  Maurice (D:10)
  3 kobold demonologists
  Psyche (D:9)
  An efreet (D:8)
  A troll (D:8)
  A shadow (D:11)
  A vampire (D:11)
  12 yaks
  A wyvern (D:9)
  A steam dragon (D:7)
  A vampire mosquito (D:8)
  2 water moccasins
  4 orc warriors
  5 sky beasts
  2 ogres
  3 centaurs
  A phantom (D:6)
  2 bullfrogs (Sewer)
  4 kobold brigands
  5 necrophages
  A scorpion (D:6)
  4 wights
  3 killer bees (D:9)
  7 howler monkeys
  4 hounds
  2 gnoll boudas
  A jelly (D:8)
  8 orc priests
  2 iguanas (D:6)
  6 orc wizards
  20 gnolls
  10 adders
  2 river rats (D:6)
  2 shadow imps (D:6)
  2 white imps
  An ufetubus (D:6)
  A worm (D:2)
  4 dart slugs
  28 orcs
  11 ball pythons
  12 endoplasms
  9 giant cockroaches
  5 goblins
  3 hobgoblins
  13 quokkas
  6 bats
  15 frilled lizards
  28 kobolds
  3 rats
272 creatures vanquished.

Vanquished Creatures (others)
  3 plants (D:1)
3 creatures vanquished.

Grand Total: 275 creatures vanquished

Notes
Turn   | Place    | Note
-------+----------+-------------------------------------------
     0 | D:1      | LabCoat the Minotaur Fighter began the quest for the Orb.
     0 | D:1      | Reached XP level 1. HP: 19/19 MP: 0/0
     6 | D:1      | Noticed a black mamba
     6 | D:1      | Noticed a snapping turtle
     6 | D:1      | Noticed a swamp worm
     7 | D:1      | Noticed a polar bear
     7 | D:1      | Noticed a redback
   501 | D:1      | Reached XP level 2. HP: 25/27 MP: 1/1
   793 | D:1      | Reached skill level 4 in Fighting
  1039 | D:2      | Reached XP level 3. HP: 33/33 MP: 2/2
  1231 | D:2      | Reached skill level 1 in Invocations
  1231 | D:2      | Reached XP level 4. HP: 27/40 MP: 3/3
  1446 | D:2      | HP: 2/61 [gnoll/+0 spear (2)]
  1447 | D:2      | Reached skill level 1 in Dodging
  1449 | D:2      | Reached skill level 1 in Throwing
  2177 | D:3      | Found a faded altar of an unknown god.
  2241 | D:3      | Identified the +10 shortbow of the Desert {flame, rF+ rC++}
  2594 | D:4      | Reached skill level 1 in Evocations
  2594 | D:4      | Reached XP level 5. HP: 47/47 MP: 4/4
  2761 | D:4      | You fall into a shaft and drop 2 floors!
  2777 | D:6      | Reached skill level 5 in Fighting
  2777 | D:6      | Reached XP level 6. HP: 33/56 MP: 6/6
  2800 | D:6      | Found a glowing drain.
  2809 | Sewer    | Entered a sewer
  3346 | Sewer    | Reached XP level 7. HP: 61/61 MP: 7/7
  3411 | D:6      | Reached skill level 5 in Maces & Flails
  3463 | D:6      | Reached skill level 5 in Shields
  3488 | D:6      | Reached skill level 6 in Fighting
  3621 | D:6      | Reached skill level 5 in Armour
  3621 | D:6      | Reached XP level 8. HP: 70/70 MP: 8/8
  3960 | D:6      | Found a hazy altar of Hepliaklqana.
  3996 | D:6      | Found a burning altar of Makhleb.
  4371 | D:7      | Found a staircase to the Ecumenical Temple.
  4391 | D:7      | Reached skill level 7 in Fighting
  4410 | Temple   | Entered the Ecumenical Temple
  4548 | Temple   | Became a worshipper of Warmaster Okawaru
  5191 | D:8      | Reached XP level 9. HP: 77/79 MP: 10/10
  5268 | D:8      | Noticed a troll
  5270 | D:8      | Noticed an efreet
  5278 | D:8      | Killed a troll
  5278 | D:8      | Reached * piety under Okawaru
  5285 | D:8      | Killed an efreet
  5286 | D:8      | Reached skill level 5 in Dodging
  5287 | D:8      | Reached skill level 1 in Spellcasting
  5287 | D:8      | Reached skill level 1 in Translocations
  5302 | D:8      | Noticed a cyclops
  5311 | D:8      | Noticed a tengu warrior
  5312 | D:8      | Killed a cyclops
  5312 | D:8      | Reached ** piety under Okawaru
  5313 | D:8      | Reached skill level 8 in Fighting
  5318 | D:8      | Killed a tengu warrior
  5456 | D:8      | Reached XP level 10. HP: 85/90 MP: 12/12
  5464 | D:8      | Reached *** piety under Okawaru
  5477 | D:8      | Found an ornate altar of the Wu Jian Council.
  5824 | D:8      | Learned a level 2 spell: Blink
  6294 | D:9      | Found a sparkling altar of Nemelex Xobeh.
  6492 | D:9      | Reached **** piety under Okawaru
  6499 | D:9      | Reached skill level 9 in Fighting
  6585 | D:9      | Noticed Psyche
  6592 | D:9      | Killed Psyche
  6919 | D:10     | Entered Level 10 of the Dungeon
  6924 | D:10     | Noticed a two-headed ogre
  6932 | D:10     | Killed a two-headed ogre
  6944 | D:10     | Noticed a rust devil
  6948 | D:10     | Reached skill level 5 in Invocations
  7009 | D:10     | Noticed Maurice
  7019 | D:10     | Killed Maurice
  7019 | D:10     | Reached ***** piety under Okawaru
  7020 | D:10     | Reached skill level 5 in Throwing
  7081 | D:10     | Found a blossoming altar of Fedhas.
  7098 | D:10     | Found a shimmering blue altar of Sif Muna.
  7174 | D:10     | Reached XP level 11. HP: 97/97 MP: 13/13
  7175 | D:10     | Found a staircase to the Orcish Mines.
  7381 | D:10     | Found Bahram Gur's Dragon-Slaying Spoils.
  7456 | D:11     | Received a gift from Okawaru
  7474 | D:11     | Received a gift from Okawaru
  7674 | D:11     | Found a staircase to the Lair.
  7748 | D:11     | Noticed a two-headed ogre
  7754 | D:11     | Killed a two-headed ogre
  7754 | D:11     | Noticed a two-headed ogre
  7765 | D:11     | Killed a two-headed ogre
  7766 | D:11     | Reached skill level 10 in Fighting
  7829 | D:11     | Noticed a boulder beetle
  7829 | D:11     | Noticed a skeletal warrior
  7829 | D:11     | Noticed a skeletal warrior
  7829 | D:11     | Noticed a skeletal warrior
  7830 | D:11     | Noticed a skeletal warrior
  7838 | D:11     | Killed a skeletal warrior
  7839 | D:11     | Slain by a skeletal warrior

Illustrated notes

Levels and vault maps discovered:
D:1:      onia_arrival_zoo_common, layout_rooms, serial_rivers,
          chequers_serial_rivers_small_3, chequers_serial_rivers_large_a,
          chequers_serial_rivers_micro_e, chequers_serial_rivers_room_b,
          chequers_serial_rivers_small_b, chequers_serial_rivers_micro_e,
          serial_bayou_lake_a
D:2:      layout_basic
D:3:      layout_loops_ring, shapermc_ecumenical_altar_acropolis
D:4:      layout_loops_cross, nicolae_gozag_zags_fifth_avenue, xom_redecorated,
          nicolae_qazlal_general_emergency, uniq_edmund
D:6:      layout_loops_ring, worldfamousw_hep_ancestral_shrine,
          lightli_temple_of_fire, gup_sewer_entry_bowl, minmay_misc_feat_rows,
          minmay_circle_x
D:7:      layout_basic, minmay_temple_entry_waves
D:8:      layout_loops_ring, nicolae_wu_jian_wuxing_cycle,
          minmay_manual_macuahuitl
D:9:      layout_irregular_city, mainiacjoe_overflow_surrounded_room,
          uniq_psyche
D:10:     layout_rooms, amcnicky_altar_gilded, nicolae_sif_muna_condensation,
          david_orc_3, nicolae_shop_dragon_depot, grunt_ogre_cave, uniq_maurice
D:11:     layout_gridville, lair_entry_dummy
Temple:   nicolae_temple_figure_eight

Skill      XL: |  1  2  3  4  5  6  7  8  9 10 11 |
---------------+----------------------------------+-----
Fighting       | 4 5 6 7 8 9 10 | 10.1
Maces & Flails | 3 4 5 6 7 8 |  8.0
Invocations    | 1 2 3 4 5 6 |  6.1
Shields        | 4 5 6 7 8 |  8.6
Dodging        | 1 2 4 5 6 7 |  7.3
Throwing       | 1 2 3 4 5 |  5.4
Armour         | 4 5 6 7 |  7.5
Evocations     | 1 2 3 4 |  4.6
Spellcasting   | 1 2 |  2.6
Translocations | 1 2 3 |  3.1

Action                   |  1- 3 |  4- 6 |  7- 9 | 10-12 || total
-------------------------+-------+-------+-------+-------++-------
Melee: Flail             |    68 |   193 |   171 |   132 ||   564
       Headbutt          |     6 |    18 |    39 |    37 ||   100
       Great mace        |       |       |       |   102 ||   102
       Unarmed           |       |       |       |     2 ||     2
Throw: Dart              |     2 |    12 |    12 |     9 ||    35
       Javelin           |       |       |     5 |     1 ||     6
       Throwing net      |       |       |       |     2 ||     2
       Boomerang         |       |       |       |     4 ||     4
Invok: Heroism           |       |       |     2 |     4 ||     6
       Finesse           |       |       |       |     2 ||     2
Evoke: Wand              |       |       |       |     8 ||     8
       Lightning rod     |       |       |       |     1 ||     1
  Use: Scroll            |     5 |     6 |     5 |     3 ||    19
       Potion            |       |     3 |     4 |     1 ||     8
Armor: Scale mail        |    45 |    23 |       |       ||    68
       Plate armour      |       |    50 |    77 |    92 ||   219
Dodge: Dodged            |    42 |   137 |   119 |   238 ||   536
Block: Buckler           |    19 |    57 |    43 |    50 ||   169
